 Dungeon Crawl Stone Soup version 0.25.0-10-g039870ee82 (webtiles) character file.

Game seed: 13370035145710178351

207 mopl the Spear-Bearer (level 5, 0/38 HPs)
             Began as a Merfolk Gladiator on June 23, 2020.
             Slain by Natasha (3 damage)
             ... on level 3 of the Dungeon.
             The game lasted 00:02:06 (2006 turns).

mopl the Spear-Bearer (Merfolk Gladiator)           Turns: 2006, Time: 00:02:06

Health: 0/38       AC:  9    Str: 15    XL:     5   Next: 85%
Magic:  5/5        EV:  8    Int:  8    God:
Gold:   102        SH:  0    Dex: 15    Spells: 4/4 levels left

rFire    . . .     SeeInvis .   a - +0 trident
rCold    . . .     Gourm    .   (no shield)
rNeg     . . .     Faith    .   m - +0 chain mail
rPois    .         Spirit   .   c - +0 helmet
rElec    .         Reflect  .   (no cloak)
rCorr    .         Harm     .   (no gloves)
MR       .....                  (no boots)
Stlth    ..........             (no amulet)
HPRegen  0.12/turn              (no ring)
MPRegen  0.09/turn              (no ring)

@: slowed, very slow
A: change form in water, swift swim, stealthy swim
a: no special abilities


You were on level 3 of the Dungeon.
You were not hungry.

You visited 1 branch of the dungeon, and saw 3 of its levels.

You collected 102 gold pieces.

Inventory:

Hand Weapons
 a - a +0 trident (weapon)
Missiles
 d - 3 throwing nets (quivered)
 s - 17 poisoned darts
Armour
 c - a +0 helmet (worn)
 m - a +0 chain mail (worn)
Wands
 q - a wand of iceblast (9)
Scrolls
 e - 2 scrolls of enchant armour {unknown}
 h - a scroll of fog {unknown}
 j - a scroll of enchant weapon {unknown}
 k - 2 scrolls of remove curse {unknown}
 o - 2 scrolls of identify {unknown}
 p - a scroll of magic mapping {unknown}
 r - a scroll of blinking {unknown}
 t - a scroll of amnesia {unknown}
Potions
 b - 2 potions of flight {unknown}
 i - a potion of brilliance {unknown}
 l - 2 potions of curing
 n - 2 potions of stabbing {unknown}
 u - a potion of heal wounds {unknown}
Comestibles
 f - 8 rations
 g - 3 chunks of flesh


   Skills:
 - Level 2.1 Fighting
 + Level 9.1 Polearms
 - Level 2.0 Throwing
 - Level 4.0 Dodging


You had 4 spell levels left.
You didn't know any spells.
Your spell library was empty.

Dungeon Overview and Level Annotations

Branches:
Dungeon (3/15)

Altars:
Okawaru

Annotations:
D:3 Natasha


Message History

Natasha is almost dead.
The white imp hits you. The white imp freezes you.
Natasha stares at you and mumbles some strange words.
The magic dart hits you. The white imp gestures at you.
The puff of frost hits you!
* * * LOW HITPOINT WARNING * * *
Natasha barely misses you.
You barely miss Natasha.
Natasha is almost dead.
The white imp hits you but does no damage.
Natasha casts a spell.
Unknown command.
You closely miss Natasha.
Natasha is almost dead.
The white imp gestures at you. The puff of frost hits you.
* * * LOW HITPOINT WARNING * * *
Natasha claws you.
You die...

###.........#..##..#.....g....#
#...#.##....##....##..........#
..###.##.##.###..###...........
#.###.##.##.#.(...# #...#......
#..##.##.##....)..###..........
##.##.#..###..).<...#...##..#
##.#..#.####....%...........#
................5.......##.##
##.............5@.......#..#
.#.......##..#.h####(.....##
....#.#####.....# #.......##
>..<..........#.# #....##..#
#...............####.#.####^#
####.####...#..........####.#
##.# ##.##.##..##........##
###..# ##..##.....##..#####..##
#...## #..#####..##### #...#


You could see Natasha, a crimson imp (summoned) and a white imp (summoned).

Vanquished Creatures
  Jessica (D:3)
  Natasha (twice) (D:3)
  2 gnolls (D:3)
  4 adders
  A worm (D:3)
  A dart slug (D:1)
  5 leopard geckos
  2 orcs
  3 ball pythons
  7 bats
  3 giant cockroaches (D:3)
  12 goblins
  4 hobgoblins
  8 kobolds
  A quokka (D:3)
  7 frilled lizards
  7 rats
70 creatures vanquished.

Notes
Turn   | Place    | Note
-------+----------+-------------------------------------------
     0 | D:1      | mopl the Merfolk Gladiator began the quest for the Orb.
     0 | D:1      | Reached XP level 1. HP: 16/16 MP: 1/1
    58 | D:1      | Reached skill level 5 in Polearms
   318 | D:1      | Reached XP level 2. HP: 13/22 MP: 2/2
   744 | D:1      | Reached skill level 6 in Polearms
   744 | D:1      | Reached XP level 3. HP: 27/27 MP: 3/3
  1355 | D:2      | Reached XP level 4. HP: 19/33 MP: 4/4
  1364 | D:2      | Reached skill level 7 in Polearms
  1570 | D:3      | Found an iron altar of Okawaru.
  1666 | D:3      | Reached skill level 8 in Polearms
  1703 | D:3      | Reached XP level 5. HP: 26/38 MP: 5/5
  1744 | D:3      | Noticed Natasha
  1757 | D:3      | Killed Natasha
  1801 | D:3      | Noticed Jessica
  1805 | D:3      | Killed Jessica
  1821 | D:3      | Noticed Natasha
  1831 | D:3      | Killed Natasha
  1831 | D:3      | Reached skill level 9 in Polearms
  1993 | D:3      | Noticed Natasha
  2006 | D:3      | Slain by Natasha

Illustrated notes

Levels and vault maps discovered:
D:1:      minmay_arrival_wavy_path, layout_rooms, minivault_14
D:2:      layout_basic
D:3:      layout_rooms, okawaru_altar_gauntlet_db, first_ration, uniq_natasha,
          uniq_jessica

Skill      XL: |  1  2  3  4  5 |
---------------+----------------+-----
Polearms       | 5 6 8 9 |  9.1
Fighting       | |  2.1
Throwing       | |  2.0
Dodging        | |  4.0

Action                   |  1- 3 |  4- 6 || total
-------------------------+-------+-------++-------
Melee: Trident           |   133 |   146 ||   279
  Eat: Chunk             |     1 |     3 ||     4
Armor: Leather armour    |     7 |       ||     7
       Chain mail        |    50 |    69 ||   119
Dodge: Dodged            |    77 |    62 ||   139
